 Dungeon Crawl Stone Soup version 0.27.1-1-g398f81649c (webtiles) character file.

Game seed: 9089355759184917093

1388 rogsnak the Conjurer (level 8, 0/56 HPs)
             Began as a Barachi Fire Elementalist on Sept 5, 2021.
             Succumbed to a killer bee's poison
             ... on level 8 of the Dungeon.
             The game lasted 00:10:49 (6321 turns).

rogsnak the Conjurer (Barachi Fire Elementalist)    Turns: 6321, Time: 00:10:49

Health: 0/56       AC:  5    Str:  9    XL:     8   Next: 68%
Magic:  3/16       EV: 12    Int: 18    God:
Gold:   275        SH:  0    Dex: 13    Spells: 5/18 levels left

rFire    . . .     SeeInvis .   r - +1 dagger (venom)
rCold    . . .     Faith    .   (no shield)
rNeg     . . .     Spirit   .   a - +0 robe
rPois    .         Reflect  .   j - +1 hat {Will+}
rElec    .         Harm     .   (no cloak)
rCorr    .         Rampage  .   p - +0 pair of gloves
Will     +....                  B - +0 pair of boots
Stlth    ++........             (no amulet)
HPRegen  0.18/turn              (no ring)
MPRegen  0.15/turn              (no ring)

@: mighty, lethally poisoned (0 -> -15), slow
A: amphibious, slowness 1, strong legs 1, +LOS
a: Hop


You were on level 8 of the Dungeon.
You visited 1 branch of the dungeon, and saw 8 of its levels.

You collected 275 gold pieces.

Inventory:

Hand Weapons
 b - a +0 club
 n - a +0 short sword
 q - a +1 short sword of speed
 r - a +1 dagger of venom (weapon)
 v - a +0 vorpal war axe
 x - a +2 dagger of holy wrath
 F - a +2 whip of freezing
Missiles
 g - 172 stones
 I - 10 poisoned darts
Armour
 a - a +0 robe (worn)
 j - a +1 hat of willpower (worn)
 p - a +0 pair of gloves (worn)
 u - a +0 buckler
 B - a +0 pair of boots (worn)
 E - a +1 scale mail of positive energy
Wands
 z - a wand of iceblast (8)
 D - a wand of flame (9)
Scrolls
 c - 3 scrolls of silence {unknown}
 d - 2 scrolls of magic mapping {unknown}
 e - 2 scrolls of vulnerability {unknown}
 f - 5 scrolls of teleportation {unknown}
 h - a scroll of fear {unknown}
 i - 2 scrolls of immolation {unknown}
 k - 2 scrolls of identify {unknown}
 y - a scroll of enchant weapon {unknown}
 C - a scroll of amnesia {unknown}
Potions
 m - a potion of might
 o - 2 potions of invisibility {unknown}
 s - 2 potions of degeneration {unknown}
 t - a potion of lignification {unknown}
 w - a potion of mutation {unknown}
 A - a potion of curing {unknown}
 G - 2 potions of heal wounds {unknown}
 H - a potion of flight {unknown}
 J - a potion of magic {unknown}


   Skills:
 + Level 2.1 Fighting
 + Level 2.7 Dodging
 - Level 2.0 Stealth
 + Level 5.8 Spellcasting
 * Level 7.0 Conjurations
 + Level 5.9 Fire Magic
 * Level 2.6 Air Magic


You had 5 spell levels left.
You knew the following spells:

 Your Spells              Type           Power      Damage    Failure   Level
a - Foxfire               Conj/Fire      100%       2x1d9     1%          1
b - Sticky Flame          Conj/Fire      28%        2d5       9%          4
c - Fireball              Conj/Fire      14%        3d8       24%         5
d - Swiftness             Air            14%        N/A       12%         3

Your spell library contained the following spells:

 Spells                   Type           Power      Damage    Failure   Level
 Conjure Flame            Conj/Fire      28%        6-21      2%          3
 Inner Flame              Hex/Fire       15%        N/A       11%         3
 Passwall                 Tmut/Erth      4%         N/A       19%         2
 Invisibility             Hex            2%         N/A       100%        6


Dungeon Overview and Level Annotations

Branches:
Dungeon (8/15)
 Temple: D:4-7         Lair: D:8-11

Altars:
Fedhas

Shops:
D:4 (


Innate Abilities, Weirdness & Mutations

You are amphibious.
You cover ground slowly.
You can hop short distances.
You have an extended range of vision and can be seen from far away.


Message History

You closely miss the killer bee.
The killer bee is moderately wounded.
You feel sick.
The killer bee burns!
The killer bee stings you. x2
You are more poisoned.
The killer bee poisons you! The killer bee closely misses you.
The killer bee stings you.
You are more poisoned.
The killer bee poisons you!
You miss the killer bee.
The killer bee is moderately wounded.
You feel very sick.
The killer bee burns!
The killer bee stings you but does no damage.
The killer bee misses you. x2; The killer bee stings you.
Unknown command.
You miss the killer bee.
The killer bee is heavily wounded.
* * * LOW HITPOINT WARNING * * *
You feel very sick.
The killer bee burns!
You kill the killer bee!
The killer bee closely misses you. The killer bee stings you!
* * * LOW HITPOINT WARNING * * *
You are more poisoned.
The killer bee poisons you!
Unknown command.
Casting: Sticky Flame (dangerous; 9% risk of failure)
Confirm with . or Enter, or press ? or * to list all spells.
Aiming: Sticky Flame (dangerous; 9% risk of failure)
Press: ? - help, Shift-Dir - straight line, f - killer bee
Aim: a killer bee (heavily wounded, very poisoned, 100% to hit)
The sticky flame hits the killer bee!
You kill the killer bee!
* * * LOW HITPOINT WARNING * * *
You feel very sick.
Your Conjurations skill increases to level 7!
There is a lethal amount of poison in your body!
It was a potion of might.
You feel very mighty all of a sudden.
You die...

.## . ..
#. .. ...
.. .... #.
....##.
#....
#....###
#...<@#
##..†##
.......#
#.....[..#
.....#..##
.....#..
.... ...
... ....
.y #....


There were no monsters in sight!

Vanquished Creatures
  Pikel (D:4)
  2 black bears (D:4)
  A necrophage (D:4)
  2 lemures
  A bullfrog (D:6)
  2 scorpions
  A wyvern skeleton (D:5)
  3 killer bees (D:8)
  A howler monkey (D:5)
  A hound (D:4)
  Ijyb (D:5)
  An orc wizard (D:6)
  A scorpion zombie (D:5)
  A howler monkey zombie (D:6)
  A howler monkey skeleton (D:6)
  3 gnolls (D:4)
  6 adders
  2 adder skeletons (D:4)
  A worm (D:2)
  8 orcs
  3 ball pythons
  3 endoplasms
  4 giant cockroaches
  12 goblins
  4 hobgoblins
  12 jackals
  5 kobolds
  4 quokkas
  7 bats
  5 frilled lizards
  5 rats
104 creatures vanquished.

Vanquished Creatures (others)
  388 foxfires
388 creatures vanquished.

Grand Total: 492 creatures vanquished

Notes
Turn   | Place    | Note
-------+----------+-------------------------------------------
     0 | D:1      | rogsnak the Barachi Fire Elementalist began the quest for
                  | the Orb.
     0 | D:1      | Reached XP level 1. HP: 13/13 MP: 3/3
   233 | D:1      | Reached XP level 2. HP: 19/19 MP: 3/5
  1370 | D:2      | Reached XP level 3. HP: 24/24 MP: 3/6
  1664 | D:2      | Reached skill level 2 in Conjurations
  2160 | D:2      | Found a faded altar of an unknown god.
  2813 | D:3      | Reached XP level 4. HP: 30/30 MP: 3/8
  3025 | D:3      | Learned a level 4 spell: Sticky Flame
  3301 | D:3      | Found a blossoming altar of Fedhas.
  3666 | D:4      | Noticed a scorpion
  3672 | D:4      | Killed a scorpion
  3673 | D:4      | Reached skill level 3 in Conjurations
  3673 | D:4      | Reached XP level 5. HP: 27/35 MP: 3/9
  3894 | D:4      | Noticed a necrophage
  3901 | D:4      | Killed a necrophage
  3902 | D:4      | Reached skill level 4 in Conjurations
  3902 | D:4      | Reached XP level 6. HP: 42/42 MP: 3/11
  4029 | D:4      | Found Xopilah's Antique Weapon Shoppe.
  4451 | D:4      | Noticed a black bear
  4529 | D:4      | Killed a black bear
  4530 | D:4      | Reached skill level 1 in Fighting
  4530 | D:4      | Reached skill level 5 in Fire Magic
  4670 | D:4      | Noticed a black bear
  4678 | D:4      | Killed a black bear
  4679 | D:4      | Reached skill level 5 in Conjurations
  4679 | D:4      | Reached XP level 7. HP: 48/48 MP: 5/13
  4826 | D:5      | Entered Level 5 of the Dungeon
  5086 | D:5      | Noticed Ijyb
  5094 | D:5      | Learned a level 5 spell: Fireball
  5098 | D:5      | Learned a level 3 spell: Swiftness
  5124 | D:5      | Killed Ijyb
  5217 | D:5      | Noticed Pikel
  5390 | D:4      | Killed Pikel
  5391 | D:4      | Reached skill level 5 in Spellcasting
  5391 | D:4      | Reached skill level 6 in Conjurations
  5391 | D:4      | Reached skill level 1 in Air Magic
  5391 | D:4      | Reached XP level 8. HP: 19/54 MP: 6/15
  6080 | D:7      | HP: 2/54 [kobold (3)]
  6320 | D:8      | HP: 2/56 [poisoned by a killer bee]
  6321 | D:8      | Reached skill level 7 in Conjurations
  6321 | D:8      | Succumbed to a killer bee's poison

Illustrated notes

Levels and vault maps discovered:
D:1:      dpeg_arrival_subterranean_lakeside_camping, layout_loops_corners,
          minivault_4
D:2:      layout_basic, ebering_ecumenical_altar_rust
D:3:      layout_basic, fedhas_altar_3, wad_rectangle_vault
D:4:      layout_cave_pools, serial_column_ruins, column_ruins_hut_water,
          column_ruins_hut, column_ruins_corridor_dead_end,
          column_ruins_open_small, column_ruins_open_small,
          column_ruins_corridor_straight, column_ruins_open_tiny,
          column_ruins_open_small, column_ruins_columns_straight, serial_shops,
          nicolae_inconvenience_store
D:5:      layout_rooms, minmay_misc_feat_room, uniq_ijyb, uniq_pikel
D:6:      layout_loops_ring, minmay_temple_entry_glass
D:7:      layout_cave_pools
D:8:      layout_cave_pools, erik_lair_island, hex_tiny, uniq_erica, uniq_joseph

Skill      XL: |  1  2  3  4  5  6  7  8 |
---------------+-------------------------+-----
Conjurations   | 2 3 4 5 6 7 |  7.0
Stealth        | 2 |  2.0
Fire Magic     | 4 5 |  5.9
Spellcasting   | 3 4 5 |  5.8
Fighting       | 1 2 |  2.1
Air Magic      | 1 2 |  2.6
Dodging        | |  2.7

Action                   |  1- 3 |  4- 6 |  7- 9 || total
-------------------------+-------+-------+-------++-------
Melee: Club              |    17 |       |       ||    17
       Short sword       |     3 |       |       ||     3
       Dagger            |       |    10 |    23 ||    33
 Cast: Foxfire           |    78 |    95 |    65 ||   238
       Sticky Flame      |       |       |     6 ||     6
 Abil: Hop               |       |       |     1 ||     1
Evoke: Wand              |       |       |     3 ||     3
  Use: Potion            |       |       |     2 ||     2
 Stab: Sleeping          |       |     1 |       ||     1
Armor: Robe              |     5 |     5 |     7 ||    17
Dodge: Dodged            |    25 |    16 |    24 ||    65
